Cogmind - Beta 15 @@@ ROGUE MODE // 2025.09.24 @ 00:32:20 Player: Crusang Result: Destroyed by B-75 Beast with Magnetic Acceleration Cannon Performance ------------- Evolutions (1) 500 Regions Visited (6) 1200 Robots Destroyed (36) 180 Value Destroyed (1071) 1071 Prototype IDs (2) 40 Alien Tech Used (0) 0 Bonus (960) 960 TOTAL SCORE: 3951 Bonus ------- Follower Combat Kills 379 Met Imprinter 300 Was Imprinted 300 Friendly Fire -19 Cogmind --------- Core Integrity 0/400 Matter 269/300 Energy 268/290 System Corruption 0% Temperature Cool (57) Movement Treading (165) Location -6/Proximity Caves Parts ------- > --- POWER (1) -------- Improved Deuterium Engine > --- PROPULSION (2) --- Armored Treads Improved Medium Treads > --- UTILITY (4) ------ Medium Storage Unit Improved Signal Interpreter 0b10 Decoder Chip [Scout] Hacking Drone Bay (0/1) > --- WEAPON (2) ------- Plasma Cannon Barrage Gun > --- INVENTORY (10) --- Ion Engine Relay Coupler [Programmer] (78) Relay Coupler [Programmer] (87) Relay Coupler [Programmer] (46) Relay Coupler [Programmer] (51) Flak Gun Peak State ------------ > --- POWER ------------ Improved Deuterium Engine > --- PROPULSION ------- Medium Treads Improved Medium Treads > --- UTILITY ---------- Medium Storage Unit Improved Signal Interpreter 0b10 Decoder Chip [Scout] Hacking Drone Bay > --- WEAPON ----------- Minigun Barrage Gun > --- INVENTORY -------- Ion Engine Armored Treads Relay Coupler [Programmer] Relay Coupler [Programmer] Relay Coupler [Programmer] Relay Coupler [Programmer] Plasma Cannon Flak Gun [Rating: 41] Favorites ----------- Power Ion Engine Engine Ion Engine Power Core Light Nuclear Core Propulsion Compact Wheel Treads Medium Treads Wheel Compact Wheel Flight Unit Improved Flight Unit Utility Medium Storage Unit Device Hacking Drone Bay Storage Medium Storage Unit Processor 0b10 Decoder Chip [Scout] Weapon Grenade Launcher Energy Cannon Plasma Cannon Ballistic Gun Minigun Launcher Grenade Launcher Special Weapon Flamer Build | -11 -10 -10 -9 -9 -7 -6 ------- Run | Yrd Mat Min Mat Min Zio Pro Slots Evolved 2 | . . . 2 . . . Power . | . . . . . . . Propulsion . | . . . . . . . Utility 2 | . . . 2 . . . Weapon . | . . . . . . . Parts Attached 29 | 6 5 . 3 2 1 12 Power 3 | 1 . . . . . 2 Engine 2 | 1 . . . . . 1 Core 1 | . . . . . . 1 Reactor . | . . . . . . . Propulsion 7 | 2 1 . 1 . . 3 Treads 3 | . . . . . . 3 Leg . | . . . . . . . Wheel 3 | 2 1 . . . . . Hover . | . . . . . . . Flight 1 | . . . 1 . . . Utility 9 | 1 2 . 2 1 1 2 Device 4 | . 1 . 2 . 1 . Storage 3 | 1 1 . . 1 . . Processor 2 | . . . . . . 2 Hackware . | . . . . . . . Protection . | . . . . . . . Artifact . | . . . . . . . Weapon 10 | 2 2 . . 1 . 5 Energy Gun . | . . . . . . . Energy Cannon 1 | . . . . . . 1 Ballistic Gun 4 | 2 . . . . . 2 Ballistic Cannon . | . . . . . . . Launcher 4 | . 2 . . 1 . 1 Special Weapon 1 | . . . . . . 1 Impact Weapon . | . . . . . . . Slashing Weapon . | . . . . . . . Piercing Weapon . | . . . . . . . Special Melee Weapon . | . . . . . . . Unidentified Prototypes 2 | . . . 1 . 1 . Parts Lost 9 | . . . . . . 9 Power . | . . . . . . . Propulsion 2 | . . . . . . 2 Utility 1 | . . . . . . 1 Weapon 6 | . . . . . . 6 Highest Loss Streak 2 | . . . . . . 2 To Critical Strikes . | . . . . . . . Average Backups 6 | . 2 4 3 2 6 8 Power . | . . . . . . . Propulsion . | . . 1 . . . . Utility 2 | . . . . . 2 4 Weapon 3 | . 2 3 3 2 4 3 Tool/Special . | . . . . . . . Unused Backups 8 | . . . . . 3 5 Power . | . . . . . . . Propulsion 1 | . . . . . 1 . Utility 6 | . . . . . 2 4 Weapon 1 | . . . . . . 1 Tool/Special . | . . . . . . . Average Slot Usage (%) 98 | . 90 100 81 96 100 99 Engine 11 | . 14 14 11 11 11 11 Treads 8 | . . . . . . 17 Wheel 14 | . 28 28 22 22 22 4 Device 21 | . 5 14 14 33 33 13 Storage 11 | . 14 14 11 11 11 11 Processor 9 | . . . . . . 19 Ballistic Gun 9 | . 23 28 22 3 . 13 Launcher 11 | . 4 . . 15 22 6 Peak Build Rating 41 | 6 7 7 11 11 21 41 Average Rating 25 | 4 6 7 7 10 19 36 On Entrance 9 | . 6 7 7 11 11 21 Naked Turns . | . . . . . . . Heaviest Build 93 | 14 20 20 24 93 26 31 Greatest Support 58 | 26 32 32 32 32 32 58 Greatest Overweight (x) 3 | 3 . . . 2 . 1 Average Overweight (x) . | . . . . . . . Largest Inventory Capacity 25 | 8 10 10 10 25 10 10 Average Capacity 9 | 7 8 10 10 10 10 10 Most Carried 10 | . 5 4 5 4 10 10 Average Carried 6 | . 2 4 3 2 6 8 Final Capacity 10 | 8 10 10 10 10 10 10 Final Carried 9 | . 4 4 3 3 9 6 Class Distribution -------------------- 76% | Mutant 18% | Derelict-Mutant 4% | Scavenger-Mutant Dominant Class ---------------- Mutant | -10/Materials Mutant | -10/Mines Mutant | -9/Materials Mutant | -9/Mines Mutant | -7/Zion Mutant | -6/Proximity Caves Resources | -11 -10 -10 -9 -9 -7 -6 ----------- Run | Yrd Mat Min Mat Min Zio Pro Matter Collected 1179 | 204 63 42 . 175 113 582 Remotely . | . . . . . . . Salvage Created 822 | . 208 . . 160 . 454 Parts 61 | . 16 . . 16 . 29 Haulers Intercepted 1 | . 1 . . . . . Recyclers Shooed 3 | . 3 . . . . . Parts Field Recycled . | . . . . . . . Retrieved Matter . | . . . . . . . Parts Self-Destructed 34 | . . . . . . 34 Prevented 2 | . . . . . . 2 Kills | -11 -10 -10 -9 -9 -7 -6 ------- Run | Yrd Mat Min Mat Min Zio Pro Combat Hostiles Destroyed 30 | . 7 . . 5 . 18 Guns 8 | . 4 . . . . 4 Cannons 1 | . . . . . . 1 AOE 21 | . 3 . . 5 . 13 Classes Destroyed 9 | . 6 . . 1 . 2 Worker 1 | . 1 . . . . . Builder 2 | . 1 . . 1 . . Hauler 1 | . 1 . . . . . Mechanic 1 | . . . . . . 1 Watcher 1 | . 1 . . . . . Swarmer 15 | . 3 . . . . 12 Grunt 12 | . 4 . . 4 . 4 Brawler 1 | . . . . . . 1 Duelist 2 | . . . . 1 . 1 Best Kill Streak 5 | . 5 . . 3 . 4 Combat Bots Only 4 | . 3 . . 3 . 4 Max Kills in Single Turn 4 | . 4 . . 3 . 3 Gunslinging . | . . . . . . . Exploded 3 | . 1 . . 3 . 3 Melee . | . . . . . . . Uniques/NPCs Destroyed . | . . . . . . . Combat | -11 -10 -10 -9 -9 -7 -6 -------- Run | Yrd Mat Min Mat Min Zio Pro Hostile Shots Fired 148 | . 21 . . 15 . 112 Missed 42 | . 11 . . 4 . 27 Hits 106 | . 10 . . 11 . 85 Projectile 106 | . 10 . . 11 . 85 Critical Strikes 1 | . . . . . . 1 Damage Taken 1773 | . 115 5 . 137 . 1516 Core 436 | . 36 . . 33 . 367 Absorbed by Shields 64 | . . . . 51 . 13 Core Remaining (%) 92 | 100 . 85 . . . . Volleys Fired 57 | . 12 . . 8 . 37 Largest 2 | . 2 . . 1 . 2 Hottest 128 | . 60 . . 30 . 128 Shots Fired 91 | . 24 . . 8 . 59 Gun 46 | . 18 . . . . 28 Cannon 4 | . . . . . . 4 Launcher 40 | . 6 . . 8 . 26 Special 1 | . . . . . . 1 Kinetic 46 | . 18 . . . . 28 Thermal 5 | . . . . . . 5 Explosive 40 | . 6 . . 8 . 26 Electromagnetic . | . . . . . . . Robot Hit Streak 14 | . 3 . . 2 . 14 Robot Miss Streak 5 | . 4 . . 2 . 5 Penetration Max . | . . . . . . . Secondary Targets 1 | . 1 . . . . . Max Gunslinging Chain 1 | . 1 . . . . . Shots Hit Robots 44 | . 8 . . 3 . 33 Core Hits 78 | . 18 1 . 8 . 51 Critical Kills . | . . . . . . . Critical Parts Destroyed . | . . . . . . . Critical Strikes . | . . . . . . . Melee Attacks . | . . . . . . . Impact . | . . . . . . . Slashing . | . . . . . . . Piercing . | . . . . . . . Sneak Attacks . | . . . . . . . Combat Hostiles . | . . . . . . . Follow-up Attacks . | . . . . . . . Damage Inflicted 2924 | . 571 11 . 356 . 1986 Guns 367 | . 103 . . . . 264 Cannons 58 | . . . . . . 58 Explosions 2448 | . 444 . . 356 . 1648 Melee . | . . . . . . . Ramming 40 | . 24 11 . . . 5 Kinetic 367 | . 103 . . . . 264 Thermal 69 | . . . . . . 69 Explosive 2448 | . 444 . . 356 . 1648 Electromagnetic . | . . . . . . . Impact . | . . . . . . . Slashing . | . . . . . . . Piercing . | . . . . . . . Highest Corruption . | . . . . . . . Average Corruption . | . . . . . . . Corruption Purged . | . . . . . . . Corruption Blocked . | . . . . . . . Overload Shots . | . . . . . . . Overflow Damage 20 | . 9 . . . . 11 Projectiles 2 | . . . . . . 2 Explosions 18 | . 9 . . . . 9 Melee . | . . . . . . . Knockbacks . | . . . . . . . Impact . | . . . . . . . Kinetic . | . . . . . . . Secondary . | . . . . . . . Self-Inflicted Damage 137 | . 11 5 . 50 . 71 Shots 5 | . . . . 2 . 3 Rammed 9 | . 3 2 . . . 4 Targets Rammed 9 | . 3 2 . . . 4 Kicked . | . . . . . . . Crushed . | . . . . . . . Highest Temperature 93 | . 2 . . 2 . 93 Average Temperature 22 | . 2 . . 2 . 23 Received Heat Transfer 232 | . 33 . . 52 . 147 Siege Activations . | . . . . . . . Martial Activations . | . . . . . . . Shielding Activations . | . . . . . . . Robots Disrupted . | . . . . . . . Combat Hostiles . | . . . . . . . Robots Corrupted . | . . . . . . . Combat Hostiles . | . . . . . . . Parts Fried . | . . . . . . . Impact Corruptions . | . . . . . . . Robots Melted . | . . . . . . . Combat Hostiles . | . . . . . . . Parts Melted 2 | . . . . . . 2 Heat Transferred 180 | . . . . . . 180 Parts Sabotaged . | . . . . . . . Parts Stolen . | . . . . . . . Parts Stripped . | . . . . . . . Power Chain Reactions . | . . . . . . . Alert | -11 -10 -10 -9 -9 -7 -6 ------- Run | Yrd Mat Min Mat Min Zio Pro Maximum Alert Level . | . . . . . . . Low Security (%) 100 | 100 100 100 100 100 . . Level 1 . | . . . . . . . Level 2 . | . . . . . . . Level 3 . | . . . . . . . Level 4 . | . . . . . . . Level 5 . | . . . . . . . High Security . | . . . . . . . Max Security . | . . . . . . . Peak Influence 167 | . 167 57 5 138 . . Initial 57 | . . 57 . . . . Average 50 | . 83 29 . 90 . . Influence Increases 1198 | . 207 . 5 168 . 818 Destroy 0b10 Robot/C 820 | . 140 . . 100 . 580 Destroy 0b10 Robot/NC 30 | . 20 . . 5 . 5 Destroy Leader 104 | . 24 . . 20 . 60 Allied During Kill 158 | . . . . . . 158 Successful Hack 5 | . . . 5 . . . Destroy Structure 66 | . 23 . . 43 . . Lose Combat Pursuer 15 | . . . . . . 15 Influence Decreases 1107 | . 60 147 5 80 88 727 Entered New Map 178 | . . 90 . . 88 . Time Decay 773 | . 60 57 5 80 . 571 Lost Part 76 | . . . . . . 76 Lost Ally 80 | . . . . . . 80 Squads Dispatched 1 | . . . . . . 1 Investigation . | . . . . . . . Extermination . | . . . . . . . Reinforcement . | . . . . . . . Assault 1 | . . . . . . 1 Garrison . | . . . . . . . Intercept . | . . . . . . . Searches Triggered . | . . . . . . . Construction Impeded . | . . . . . . . Haulers Reinforced . | . . . . . . . Active Scanning Responses . | . . . . . . . Cargo Convoy Interrupts . | . . . . . . . Stealth | -11 -10 -10 -9 -9 -7 -6 --------- Run | Yrd Mat Min Mat Min Zio Pro Distress Signals 1 | . 1 . . . . . Communications Jammed . | . . . . . . . Distress Signals . | . . . . . . . Times Spotted 47 | . 10 . . 5 . 32 Peak Tracking Total 9 | . 6 . . 3 . 9 Tactical Retreats 1 | . . . . . . 1 Traps | -11 -10 -10 -9 -9 -7 -6 ------- Run | Yrd Mat Min Mat Min Zio Pro Traps Triggered . | . . . . . . . Indirectly . | . . . . . . . Trap Hack Attempts . | . . . . . . . Triggered . | . . . . . . . Disarmed . | . . . . . . . Reprogrammed . | . . . . . . . Reused . | . . . . . . . Traps Extracted . | . . . . . . . Installed . | . . . . . . . Triggered . | . . . . . . . Machines | -11 -10 -10 -9 -9 -7 -6 ---------- Run | Yrd Mat Min Mat Min Zio Pro Machines Disabled 2 | . 1 . . . . 1 Max in Single Turn 1 | . 1 . . . . . Machines Repaired . | . . . . . . . Machines Dismantled . | . . . . . . . Machines Sabotaged . | . . . . . . . Overloaded Fab Kills . | . . . . . . . Hacking | -11 -10 -10 -9 -9 -7 -6 --------- Run | Yrd Mat Min Mat Min Zio Pro Machines Accessed 1 | . . . 1 . . . Terminals 1 | . . . 1 . . . Fabricators . | . . . . . . . Repair Stations . | . . . . . . . Recycling Units . | . . . . . . . Scanalyzers . | . . . . . . . Garrison Access . | . . . . . . . Total Hacks 2 | . . . 2 . . . Successful 1 | . . . 1 . . . Failed 1 | . . . 1 . . . Catastrophic . | . . . . . . . Database Lockouts . | . . . . . . . Manual . | . . . . . . . Terminals 2 | . . . 2 . . . Fabricators . | . . . . . . . Repair Stations . | . . . . . . . Recycling Units . | . . . . . . . Scanalyzers . | . . . . . . . Garrison Access . | . . . . . . . Terminal Hacks 1 | . . . 1 . . . Hauler Manifests 1 | . . . 1 . . . Fabricator Hacks . | . . . . . . . Repair Station Hacks . | . . . . . . . Recycling Unit Hacks . | . . . . . . . Scanalyzer . | . . . . . . . Garrison Access Hacks . | . . . . . . . Unauthorized Hacks . | . . . . . . . Terminals . | . . . . . . . Fabricators . | . . . . . . . Repair Stations . | . . . . . . . Recycling Units . | . . . . . . . Scanalyzers . | . . . . . . . Garrison Access . | . . . . . . . Data Cores Recovered . | . . . . . . . Used . | . . . . . . . Hacking Detections . | . . . . . . . Full Trace Events . | . . . . . . . Feedback Events . | . . . . . . . Feedback Blocked . | . . . . . . . Robot Schematics Acquired 3 | . . . . . 3 . Robots Built . | . . . . . . . Authchips . | . . . . . . . Time . | . . . . . . . Total Robot Build Rating . | . . . . . . . Part Schematics Acquired 15 | . . . . . 15 . Parts Built . | . . . . . . . Authchips . | . . . . . . . Time . | . . . . . . . Total Part Build Rating . | . . . . . . . Parts Repaired . | . . . . . . . Time . | . . . . . . . Parts Recycled . | . . . . . . . Recycled Matter . | . . . . . . . Retrieved Matter . | . . . . . . . Retrieved Components . | . . . . . . . Parts Scanalyzed . | . . . . . . . Part Schematics Acquired . | . . . . . . . Parts Damaged . | . . . . . . . Bothacking | -11 -10 -10 -9 -9 -7 -6 ------------ Run | Yrd Mat Min Mat Min Zio Pro Used RIF Installer . | . . . . . . . Robots Hacked . | . . . . . . . Non-combat . | . . . . . . . Combat . | . . . . . . . Robot Hacks Applied . | . . . . . . . Relay Couplers Released . | . . . . . . . Fabnet Peak Effective % . | . . . . . . . Robots Rewired 2 | . . . . . . 2 Allies Hacked . | . . . . . . . Hacks Repelled . | . . . . . . . Allies | -11 -10 -10 -9 -9 -7 -6 -------- Run | Yrd Mat Min Mat Min Zio Pro Total Allies 6 | . . . . . 4 2 Largest Group 4 | . . . . . 4 4 Highest-Rated Group 155 | . . . . . 155 155 Highest-Rated Ally 40 | . . . . . 40 40 Total Orders . | . . . . . . . Ally Attacks 75 | . . . . . . 75 Total Damage 1697 | . . . . . . 1697 Kills 11 | . . . . . . 11 Allies Corrupted . | . . . . . . . Allies Melted . | . . . . . . . Intel | -11 -10 -10 -9 -9 -7 -6 ------- Run | Yrd Mat Min Mat Min Zio Pro Active Infowar (turns) 3546 | . 69 130 133 172 1303 1739 Terrain 2134 | . 69 130 133 172 1303 327 Decoding 1671 | . . . . . . 1671 Robot Analysis Total . | . . . . . . . Derelict Logs Recovered 2 | . . . . . 1 1 Drone Launches 3 | . . . . . 1 2 Drone Recoveries 2 | . . . . . . 2 Exploration | -11 -10 -10 -9 -9 -7 -6 ------------- Run | Yrd Mat Min Mat Min Zio Pro Turns Passed 3700 | 57 166 130 133 172 1303 1739 Spaces Moved 2586 | 52 112 123 111 138 1125 925 Core 9 | 9 . . . . . . Treads 630 | . . . . . . 630 Legs . | . . . . . . . Wheels 1947 | 43 112 123 111 138 1125 295 Hover . | . . . . . . . Flight . | . . . . . . . Fastest Speed 50 | 50 90 100 100 100 100 100 Average Speed 115 | 88 94 100 100 100 100 143 Slowest Speed 250 | 200 100 100 100 130 100 250 Overloaded Moves . | . . . . . . . Propulsion Burnouts . | . . . . . . . Robots Hopped 1 | . . . . . 1 . Potential Cave-ins . | . . . . . . . Cave-ins Triggered . | . . . . . . . Exploration Rate (%) 39 | 3 28 25 17 36 86 79 Regions Visited 6 Branch Regions 4 Pre-discovered Areas 1 | . . . . . 1 . Known Exits Taken 1 | . . . . . 1 . Unknown Exits Taken 5 | 1 1 1 1 1 . . Scrap Searched 9 | . . 1 . 1 3 4 Spaces Dug 32 | . 12 . . . . 20 Terrain Destroyed 155 | . 22 . . 62 . 71 Melee . | . . . . . . . Projectile . | . . . . . . . AOE 155 | . 22 . . 62 . 71 Terrain Rammed . | . . . . . . . Walls Destroyed . | . . . . . . . Machines Disabled . | . . . . . . . Actions | -11 -10 -10 -9 -9 -7 -6 --------- Run | Yrd Mat Min Mat Min Zio Pro Total 3202 | 59 145 129 132 164 1303 1270 Wait 434 | 2 7 5 15 10 138 257 Move 2578 | 51 111 122 110 137 1122 925 Hop 1 | . . . . . 1 . Pick Up 19 | . 4 . 1 1 11 2 Fast Attach 13 | 6 1 . 2 . . 4 Attach 12 | . . . 1 3 . 8 Detach 3 | . . . . 2 . 1 Swap 26 | . 6 . 1 1 1 17 Drop 12 | . 1 . 2 2 5 2 Fire 57 | . 12 . . 8 . 37 Melee . | . . . . . . . Ram 5 | . 3 2 . . . . Kick . | . . . . . . . Crush 4 | . . . . . . 4 Escape Stasis . | . . . . . . . Rewire 38 | . . . . . 25 13 Trap . | . . . . . . . Miscellaneous . | . . . . . . . Route ------- -11/Scrapyard -10/Materials -10/Mines -9/Materials -9/Mines (discovered 2 exits: [*Mat] / [*Zio]) -7/Zion -6/Proximity Caves (discovered 1 exit: Fac) History --------- Turn | Location | Event 30 | -11/Scrapyard | Discovered new exit (range 15) 58 | -11/Scrapyard | Entered Materials 139 | -10/Materials | Discovered new exit (range 12) 224 | -10/Materials | Entered Mines 306 | -10/Mines | Build established: Mutant 345 | -10/Mines | Discovered new exit (range 5) 353 | -10/Mines | Received a Rocket Launcher from a helpful Derelict 354 | -10/Mines | Entered Materials 354 | -9/Materials | Evolved 2 slots: Utility x2 440 | -9/Materials | Discovered new exit (range 13) 487 | -9/Materials | Entered Mines 569 | -9/Mines | Found a hidden stash of uninstalled traps 606 | -9/Mines | YI-UF0 nonchalantly dropped a Grenade Launcher on the ground 637 | -9/Mines | Discovered new exit (range 8) 650 | -9/Mines | A Derelict revealed a hidden shortcut to a safe place 659 | -9/Mines | Entered Zion 676 | -7/Zion | Given the Hacking Drone Bay 676 | -7/Zion | Found Prototype Device 677 | -7/Zion | Identified Hacking Drone Bay 760 | -7/Zion | Identified exit to Proximity Caves 772 | -7/Zion | Learned location of Armory (-3) 1013 | -7/Zion | Met Imprinter 1319 | -7/Zion | Found Relay Coupler [Programmer] 1321 | -7/Zion | Found Relay Coupler [Programmer] 1326 | -7/Zion | Found Relay Coupler [Programmer] 1328 | -7/Zion | Found Relay Coupler [Programmer] 1548 | -7/Zion | Imprinted 1550 | -7/Zion | Declared Zion's savior 1962 | -7/Zion | Entered Proximity Caves 1962 | -6/Proximity Caves | Accompanied by 5 allies 2048 | -6/Proximity Caves | Identified exit to Factory 2290 | -6/Proximity Caves | Attracted the attention of an 0b10 outpost 2349 | -6/Proximity Caves | Lost 3 allies 2503 | -6/Proximity Caves | Core integrity fell below 50% 3312 | -6/Proximity Caves | Build established: Derelict-Mutant 3670 | -6/Proximity Caves | Spotted B-75 Beast 3679 | -6/Proximity Caves | Core integrity fell below 20% 3701 | -6/Proximity Caves | Destroyed by B-75 Beast with Magnetic Acceleration Cannon Last Messages --------------- 02843_ Adv. Heat Sink fries itself beyond repair. 02844_ Hvy. Laser fries itself beyond repair. 02844_ The unstable cave ceiling collapses. 02844_ Acquired 19 matter. 02845_ Hvy. Laser self-destruct mechanism malfunctions. 03081_ Flamer destroyed. 03083_ S-27 Virus destroyed. 03087_ Autogun fries itself beyond repair. 03089_ VTOL Module fries itself beyond repair. 03091_ Slammed into S-27 Virus. 03098_ VTOL Module fries itself beyond repair. 03098_ Slammed into S-27 Virus. 03100_ S-27 Virus destroyed. 03101_ Acquired 28 matter. 03106_ Acquired 5 matter. 03396_ Hacking Drone released from Hacking Drone Bay. 03671_ Minigun destroyed. 03687_ Med. Treads destroyed. 03691_ Chain reaction triggered in Rnf. Deuterium Engine. 03698_ Destroyed Dynamic Insulation System. Map ----- +----------------------------------------------------+ | | | | | | | ?????????????????????????????????????????????????? | | ?????????????????????????????????????????????????? | | ?????????????????????????????????????????????????? | | ?????????????????????????????????????????????????? | | ?????????????????????????????????????????????????? | | ?????????????????????????????????????????????????? | | ?????????????????????????????????????????????????? | | ?????????????????????????????????????????????????? | | ?????????????????????????????????????????????????? | | ?????????????????????????????????????????????????? | | ?????????????????????????????????????????????????? | | ?????????????????????????????????????????????????? | | ?????????????????????????????????????????????????? | | ?????????????????????????????????????????????????? | | ?????????????????????????????????????????????????? | | ????????????####?????????????????????????????????? | | ???????????## ?????????????????????????????????? | | ?????????### ?????????????????????????????????? | | ????????## ?????????????????????????????????? | | ????????# ##????????????????# ?????????????? | | ????????# ##????????????? ?????????????? | | ?????????# ##???#####?? ??????????????? | | ??????????# ##### @;# ?? ????????????? | | ???????????# ;;# ;;# ;;???????????? | | ???????????## % % M ;; ???????????? | | ????????????## % gn #??????????? | | ?????????????# %###;; BB ???????????? | | ????????????## #?###; BB ;??????????? | | ???????????## ####### ??????????? | | ???????????# ##?# ??????????? | | ??????##???# ### #?? ## ???????????? | | ??????# #??# #?### ##?# ##? ???????????? | | ?????## ?## #???## ##?##??? ????????????? | | ????## ## ##??## #???????##????????????? | | ???? #### #?????????????????????? | | ????? ## ####??????????????????? | | ????? #??????????????????? | | ?????? ## #?????????????????? | | ?????? ## #? #?????????????????? | | ?????????# #?? #?????????????????? | | ?????????## #?? #????????????????? | | ??????????## ##??? #????????????????? | | ############ ##????? ##????????????????? | | #?????? ##?????????????????? | | ############## #???????#??????????????????? | | ?????????????# ###??????????????????????????? | | #??????????# ##????????????????????????????? | +----------------------------------------------------+ Best States ------------- Heat Dissipation 28 Energy Generation 16 Energy Capacity 290 Matter Stores 300 Matter Capacity 300 Sight Range 16 Terrain Scan Range 14 Terrain Scan Density 10 Evasion (%) 42 Recoil Reduction 2 Item Schematics ----------------- Power Sword | -7/Zion | Archive Imp. Medium Armor Plating | -7/Zion | Archive Imp. Actuator Array | -7/Zion | Archive Imp. Field Recycling Unit | -7/Zion | Archive Lightning Gun | -7/Zion | Archive Imp. Trap Scanner | -7/Zion | Archive Antigrav System | -7/Zion | Archive Imp. Thermal Generator | -7/Zion | Archive Imp. Deuterium Engine | -7/Zion | Archive System Restoration Module | -7/Zion | Archive Angular Momentum Engine | -7/Zion | Archive Transmission Jammer | -7/Zion | Archive Adv. Melee Analysis Suite | -7/Zion | Archive Imp. EM Pulse Cannon | -7/Zion | Archive Adv. Shield Generator | -7/Zion | Archive Robot Schematics ------------------ L-41 Fighter | -7/Zion | Archive K-01 Serf | -7/Zion | Archive T-07 Excavator | -7/Zion | Archive Fabricated ------------ Nothing Repaired ---------- Nothing Alien Tech Used ----------------- None Achievements -------------- A New Friend Robot Respite The One Challenges ------------ None Game ------ Seed DisruptorCommBlade Manual? 0 Play Time 00:29:12 Cumulative 7.1 hours Start 2025.09.23 @ 23:58:52 End 2025.09.24 @ 00:32:20 Sessions 1 Manual Loads 0 Difficulty Rogue Special Mode None Game No. 11 Rogue 4 Adventurer 6 Explorer 1 Win Type - Total 1 Types 1/0/0/0/0/0/0/0/0/0 Lore% 8 Gallery% 22 Achievement% 22 Wizard Run 0 Options --------- Layout 0 ASCII 0 Keyboard 0 Movement Numpad Keybinds 0 Fullscreen 2 Font 24/Smallcaps Map View 76x50 Zoom Use 0% Tactical HUD 1 Map Filters NONE Filters NONE Steam 1 RUN: 5b30584f-a924-40fe-b496-c86b500f293f